 Dungeon Crawl Stone Soup version 0.27-a0-1123-g2f9bb313c0 (webtiles) character file.

Game seed: 8856370213700396491

1417 reriks the Sneak (level 8, -2/52 HPs)
             Began as an Octopode Fire Elementalist on May 3, 2021.
             Was a Priest of Nemelex Xobeh.
             Blown up by an orb spider (28 damage)
             ... with a wavering orb of destruction
             ... on level 6 of the Dungeon.
             The game lasted 00:17:25 (14718 turns).

reriks the Sneak (Octopode Fire Elementalist)      Turns: 14718, Time: 00:17:26

Health: -2/52      AC:  1    Str:  7    XL:     8   Next: 71%
Magic:  4/13       EV: 14    Int: 20    God:    Nemelex Xobeh [***...]
Gold:   241        SH:  0    Dex: 12    Spells: 6/14 levels left

rFire    x . .     SeeInvis .   l - +1 trident (venom)
rCold    + . .     Faith    .   (no shield)
rNeg     . . .     Spirit   .   (helmet restricted)
rPois    .         Reflect  .   (no amulet)
rElec    .         Harm     .   j - ring of ice
rCorr    .         Rampage  .   (no ring)
Will     .....                  (no ring)
Stlth    ++++......             (no ring)
HPRegen  0.17/turn              (no ring)
MPRegen  0.13/turn              (no ring)
                                (no ring)
                                (no ring)

@: no status effects
A: almost no armour, amphibious, 8 rings, camouflage 1, gelatinous body 1,
(nimble swimmer 1), tentacles
a: Renounce Religion, Draw Escape, Draw Destruction, Draw Summoning, Triple Draw


You were on level 6 of the Dungeon.
You worshipped Nemelex Xobeh.
Nemelex Xobeh was most pleased with you.
You visited 1 branch of the dungeon, and saw 6 of its levels.
You also visited: Sewer.

You collected 241 gold pieces.

Inventory:

Hand Weapons
 a - a +0 dagger
 l - a +1 trident of venom (weapon)
Missiles
 r - 5 atropa-tipped darts
 t - 2 throwing nets
Magical Staves
 q - a staff of fire
Jewellery
 j - a ring of ice (left tentacle)
Wands
 o - a wand of charming (4)
 v - a wand of iceblast (10)
Scrolls
 f - 4 scrolls of teleportation
 p - 3 scrolls of blinking
 s - 2 scrolls of enchant weapon {unknown}
 u - 3 scrolls of identify
 w - a scroll of noise {unknown}
 x - a scroll of immolation {unknown}
 y - a scroll of summoning {unknown}
Potions
 b - 2 potions of attraction {unknown}
 c - 10 potions of curing
 d - 2 potions of resistance {unknown}
 e - 5 potions of mutation {unknown}
 g - a potion of flight {unknown}
 h - a potion of ambrosia {unknown}
 i - a potion of cancellation {unknown}
 k - 4 potions of might {unknown}
 m - 2 potions of magic {unknown}
 n - 3 potions of heal wounds {unknown}


   Skills:
 + Level 3.5 Fighting
 + Level 2.9 Polearms
 + Level 4.1 Dodging
 + Level 5.9 Stealth
 + Level 3.8 Spellcasting
 + Level 3.8 Conjurations
 + Level 4.8 Fire Magic
 + Level 3.7 Invocations


You had 6 spell levels left.
You knew the following spells:

 Your Spells              Type           Power      Damage    Failure   Level
a - Foxfire               Conj/Fire      84%        2x1d8     2%          1
b - Conjure Flame         Conj/Fire      21%        6-21      7%          3
c - Sticky Flame          Conj/Fire      21%        2d4       22%         4

Your spell library contained the following spells:

 Spells                   Type           Power      Damage    Failure   Level
 Inner Flame              Hex/Fire       13%        N/A       14%         3
 Fireball                 Conj/Fire      10%        3d6       52%         5
 Ice Form                 Ice/Tmut       5%         N/A       78%         4
 Summon Ice Beast         Ice/Summ       5%         N/A       78%         4
 Freezing Cloud           Conj/Ice/Air   6%         6-21      100%        6
 Simulacrum               Ice/Necr       2%         N/A       100%        6
 Ozocubu's Refrigeration  Ice            2%         4d5       100%        7


Dungeon Overview and Level Annotations

Branches:
Dungeon (6/15)             Temple (0/1) D:6           Sewer (visited)

Altars:
Gozag
Nemelex Xobeh
The Shining One

Shops:
D:5 !

Annotations:
D:5 3 runed translucent doors, TheGreatAnchovy's ghost, novice OpFi


Innate Abilities, Weirdness & Mutations

You cannot wear most types of armour.
You are amphibious.
You can wear up to eight rings at the same time.
Your skin changes colour to match your surroundings (Stealth+).
Your rubbery body absorbs attacks. (AC +1, EV +1)
((You are camouflaged near water. (Stealth+)))
You have tentacles for arms and can constrict up to eight enemies at once.


Message History

Press: ? - help, Q - select action, (/) - cycle Dir - look around, f - activate You conjure some foxfire!
Casting: Foxfire (safe; 2% risk of failure)
Press: ? - help, Q - select action, (/) - cycle Dir - look around, f - activate
There is not enough space to conjure foxfire!
The foxfire hits the orb spider.
The orb spider is moderately wounded.
The orb spider spins a strand of pure energy.
Casting: Foxfire (safe; 2% risk of failure)
Press: ? - help, Q - select action, (/) - cycle Dir - look around, f - activate You conjure some foxfire!
Casting: Foxfire (safe; 2% risk of failure)
Press: ? - help, Q - select action, (/) - cycle Dir - look around, f - activate
There is not enough space to conjure foxfire!
Casting: Foxfire (safe; 2% risk of failure)
Press: ? - help, Q - select action, (/) - cycle Dir - look around, f - activate
There is not enough space to conjure foxfire!
The foxfire hits the orb spider.
The orb spider is heavily wounded.
Casting: Foxfire (safe; 2% risk of failure)
Press: ? - help, Q - select action, (/) - cycle Dir - look around, f - activate You conjure some foxfire!
Casting: Foxfire (safe; 2% risk of failure)
Press: ? - help, Q - select action, (/) - cycle Dir - look around, f - activate
There is not enough space to conjure foxfire!
Casting: Foxfire (safe; 2% risk of failure)
Press: ? - help, Q - select action, (/) - cycle Dir - look around, f - activate
There is not enough space to conjure foxfire!
The foxfire hits the orb spider.
The orb spider is heavily wounded.
The orb spider weaves a glowing orb of energy.
An orb of destruction comes into view.
Reach: l) +1 trident (venom)
Press: ? - help, Dir - move target, f - orb spider
Aim: an orb spider (heavily wounded, misshapen and mutated, ally target, about 41% to evade your +1 trident of venom)
The orb of destruction is in the way.
The wavering orb of destruction hits you!!
Ouch! That really hurt!
You die...
Your body glows with a rainbow of weird colours and disappears.

#.##.......†#######
#####.........#..#
.....###..#..###.# ####.#
#..##..#..# #######.#
####Z###).......## #........
....).##........# #.# .
####..#######...# #.## ...
#..# #..§#####..#....# ##.)#
#...@§s.....#
#..)#######..§####..#......
#.#.#...............#§.....
###.#...............#.#:#....
#................)...## .....
#.#.##o######.....#...# . #..
#.#.##.# #......#... .D
#.#.##..§..##...#####.>
#.#.##.###.##.... ..


You could see an orb spider (misshapen).

Vanquished Creatures
  A sky beast (D:5)
  2 ogres
  A centaur (D:5)
  4 scorpions
  2 centaur zombies
  3 hounds
  A centaur skeleton (D:6)
  2 bullfrog skeletons
  A gnoll shaman (D:5)
  Jessica (D:3)
  Natasha (twice) (D:3)
  2 iguanas
  Ijyb (D:3)
  3 orc wizards
  A scorpion zombie (D:5)
  Terence (D:3)
  A killer bee zombie (D:6)
  Robin (D:3)
  A howler monkey skeleton (D:5)
  5 gnolls (D:5)
  6 adders
  2 river rats (Sewer)
  A white imp (D:2)
  6 worms
  A dart slug (D:3)
  15 orcs
  13 ball pythons
  4 bats
  6 endoplasms
  4 giant cockroaches
  11 goblins
  9 hobgoblins
  9 jackals
  4 quokkas
  10 frilled lizards
  4 kobolds
  15 rats
156 creatures vanquished.

Vanquished Creatures (collateral kills)
  A hound (D:3)
1 creature vanquished.

Vanquished Creatures (others)
  761 foxfires
  5 fungi
  6 plants
772 creatures vanquished.

Grand Total: 929 creatures vanquished

Notes
Turn   | Place    | Note
-------+----------+-------------------------------------------
     0 | D:1      | reriks the Octopode Fire Elementalist began the quest for
                  | the Orb.
     0 | D:1      | Reached XP level 1. HP: 11/11 MP: 3/3
   388 | D:1      | Reached XP level 2. HP: 18/18 MP: 0/5
   699 | D:1      | Reached skill level 3 in Stealth
  1005 | D:1      | Found a faded altar of an unknown god.
  1201 | D:1      | Became a worshipper of Nemelex Xobeh the Trickster
  1201 | D:1      | Reached * piety under Nemelex Xobeh
  2272 | D:1      | Reached XP level 3. HP: 22/22 MP: 1/6
  2338 | D:1      | Received a gift from Nemelex Xobeh
  2609 | D:2      | Noticed a scorpion
  2681 | D:2      | Reached skill level 1 in Fighting
  3272 | D:2      | Killed a scorpion
  3273 | D:2      | Reached skill level 1 in Invocations
  3273 | D:2      | Reached XP level 4. HP: 28/28 MP: 0/7
  3779 | D:2      | Learned a level 3 spell: Conjure Flame
  4175 | D:2      | Reached XP level 5. HP: 32/33 MP: 2/8
  4873 | D:3      | Noticed Terence
  4876 | D:3      | Noticed Ijyb
  4912 | D:3      | Killed Ijyb
  4913 | D:3      | Reached skill level 4 in Stealth
  5424 | D:3      | Noticed Robin
  5459 | D:3      | Killed Robin
  5517 | D:3      | Learned a level 4 spell: Sticky Flame
  5727 | D:3      | Reached ** piety under Nemelex Xobeh
  5925 | D:3      | Noticed Natasha
  5933 | D:3      | Killed Natasha
  6357 | D:3      | Noticed Natasha
  6390 | D:3      | Killed Natasha
  6391 | D:3      | Reached XP level 6. HP: 39/39 MP: 3/10
  6477 | D:3      | Killed Terence
  7250 | D:3      | Received a gift from Nemelex Xobeh
  7580 | D:3      | Reached skill level 1 in Polearms
  7916 | D:3      | Noticed Jessica
  7924 | D:3      | Killed Jessica
  8643 | D:4      | Found a glowing drain.
  8719 | Sewer    | Entered a sewer
  8763 | Sewer    | Reached XP level 7. HP: 45/45 MP: 7/11
 10183 | D:4      | Received a gift from Nemelex Xobeh
 10979 | D:5      | Entered Level 5 of the Dungeon
 11233 | D:5      | Reached skill level 5 in Stealth
 11431 | D:5      | Reached *** piety under Nemelex Xobeh
 11440 | D:5      | Reached XP level 8. HP: 52/52 MP: 10/13
 11571 | D:5      | Found Vitauth's Distillery.
 11901 | D:5      | Found an opulent altar of Gozag.
 12078 | D:5      | Received a gift from Nemelex Xobeh
 12419 | D:5      | Found a glowing golden altar of the Shining One.
 13077 | D:5      | Found a runed translucent gate.
 13077 | D:5      | Found a runed translucent gate.
 13078 | D:5      | Found a runed translucent gate.
 13081 | D:5      | Noticed TheGreatAnchovy's ghost (novice OpFi)
 14506 | D:6      | Found a staircase to the Ecumenical Temple.
 14704 | D:6      | Noticed an orb spider
 14704 | D:6      | a centaur changed into an orb spider
 14718 | D:6      | Blown up by an orb spider

Illustrated notes

Levels and vault maps discovered:
D:1:      lemuel_arrival_muddy, layout_rooms, hellmonk_ecumenical_altar_zigzags
D:2:      layout_basic
D:3:      layout_basic, uniq_robin, uniq_terence, uniq_ijyb, uniq_jessica,
          uniq_natasha
D:4:      layout_rooms, portal_sewer_entry_a, small_statue_intersection,
          lemuel_flame_loot_1
D:5:      layout_loops_corners, tso_oasis_becter, general_overflow_altar,
          gammafunk_ghost_nasty_kobolds, serial_shops, shop, chequers_jeans,
          serial_bayou_pond_a, kennysheep_generic_room_11
D:6:      layout_loops_cross, minmay_temple_entry_arrows, uniq_sigmund

Skill      XL: |  1  2  3  4  5  6  7  8 |
---------------+-------------------------+-----
Stealth        | 3 4 5 |  5.9
Fighting       | 1 2 3 |  3.5
Invocations    | 1 2 3 |  3.7
Conjurations   | 2 3 |  3.8
Dodging        | 3 4 |  4.1
Polearms       | 1 2 |  2.9
Fire Magic     | 4 |  4.8
Spellcasting   | 3 |  3.8

Action                   |  1- 3 |  4- 6 |  7- 9 || total
-------------------------+-------+-------+-------++-------
Melee: Dagger            |     5 |    13 |       ||    18
       Constrict         |     1 |     7 |       ||     8
       Tentacles         |     1 |     4 |       ||     5
       Trident           |       |     9 |     8 ||    17
 Cast: Foxfire           |    86 |   183 |   233 ||   502
       Conjure Flame     |       |       |     7 ||     7
Invok: Draw Summoning    |       |     1 |       ||     1
       Draw Destruction  |       |     2 |     5 ||     7
  Use: Scroll            |       |     5 |       ||     5
Armor: Skin              |     2 |     5 |     4 ||    11
Dodge: Dodged            |     9 |    25 |    29 ||    63

Table legend: (Time is in decaauts)
 A = Elapsed time spent in this place.
 B = Non-inter-level travel time spent in this place.
 C = Inter-level travel time spent in this place.
 D = Time resting spent in this place.
 E = Time spent auto-exploring this place.
 F = Levels seen in this place.
 G = Mean time per level.
                   A        B        C        D        E       F      G
               +--------+--------+--------+--------+--------+-----+--------+
         Total |  14738 |  14480 |    258 |   8769 |   4157 |   7 | 2105.4 |
       Dungeon |  13363 |  13105 |    258 |   7861 |   3851 |   6 | 2227.2 |
         Sewer |   1374 |   1374 |      0 |    908 |    306 |   1 | 1374.0 |
               +--------+--------+--------+--------+--------+-----+--------+

Top non-repeatable levels by time:
     D:3: 3663 daAuts
     D:1: 2566 daAuts
     D:5: 2479 daAuts
     D:2: 2176 daAuts
   Sewer: 1374 daAuts
     D:6: 1261 daAuts
     D:4: 1216 daAuts
